 Dungeon Crawl Stone Soup version 0.24-a0-640-ge7cd8ce796 (webtiles) character file.

Game seed: 10329208680760564703, levelgen mode: deterministic

91 Briareos the Shield-Bearer (level 4, 0/42 HPs)
             Began as a Deep Dwarf Fighter on Sept 24, 2019.
             Was an Initiate of Okawaru.
             Killed by divine providence
             ... invoked by an orc priest
              (10 damage)
             ... on level 3 of the Dungeon.
             The game lasted 00:11:56 (1858 turns).

Briareos the Shield-Bearer (Deep Dwarf Fighter)     Turns: 1858, Time: 00:11:56

Health: 0/42       AC: 10    Str: 21    XL:     4   Next: 33%
Magic:  4/4        EV:  5    Int:  8    God:    Okawaru [......]
Gold:   128        SH:  9    Dex: 12    Spells: 3/3 levels left

rFire    x . .     SeeInvis .   a - +0 war axe
rCold    + . .     Gourm    .   c - +0 shield
rNeg     . . .     Faith    .   B - +0 chain mail
rPois    .         Spirit   .   (no helmet)
rElec    .         Reflect  .   (no cloak)
rCorr    .         Harm     .   (no gloves)
MR       .....                  x - +0 pair of boots
Stlth    ..........             (no amulet)
HPRegen  0.00/turn              k - ring of ice
MPRegen  0.09/turn              (no ring)

@: non-regenerating
A: damage resistance, heal wounds, sense surroundings 1, no regeneration
a: Heal Wounds, Renounce Religion


You were on level 3 of the Dungeon.
You worshipped Okawaru.
Okawaru was noncommittal.
You were not hungry.

You visited 1 branch of the dungeon, and saw 3 of its levels.

You collected 128 gold pieces.

Inventory:

Hand Weapons
 a - a +0 war axe (weapon)
 g - a +0 hand axe
 j - a +0 whip
 q - a +0 hunting sling
Missiles
 e - 12 javelins (quivered)
 l - 90 stones
 m - 2 poisoned darts
 p - 20 arrows
 s - 45 bolts
Armour
 b - a +0 scale mail
 c - a +0 shield (worn)
 u - a +0 buckler
 x - a +0 pair of boots (worn)
 B - a +0 chain mail (worn)
 C - a +0 chain mail
 E - a +0 chain mail
 F - a +0 cloak
Jewellery
 k - a ring of ice (left hand)
Scrolls
 h - a scroll of noise {unknown}
 t - a scroll of amnesia
 v - a scroll of enchant armour {unknown}
 y - a scroll of blinking {unknown}
 A - a scroll of enchant weapon {unknown}
 D - a scroll of magic mapping {unknown}
Potions
 d - a potion of might
 i - 2 potions of heal wounds
 n - a potion of mutation {unknown}
 o - 2 potions of degeneration
 r - 4 potions of curing
 z - a potion of resistance {unknown}
Comestibles
 f - 4 rations
 w - a chunk of flesh


   Skills:
 + Level 3.1 Fighting
 + Level 3.3 Axes
 + Level 3.8 Armour
 + Level 0.7 Dodging
 + Level 4.0 Shields


You had 3 spell levels left.
You didn't know any spells.
Your spell library was empty.

Dungeon Overview and Level Annotations

Branches:
Dungeon (3/15)

Altars:
Ashenzari
Hepliaklqana
Nemelex Xobeh
Okawaru


Innate Abilities, Weirdness & Mutations

You are resistant to damage.
You can heal yourself by infusing magical energy.
You passively map a small area around you.
You do not regenerate.


Message History

You block the orc priest's attack.
You closely miss the orc priest.
The orc priest is heavily wounded.
You block the orc priest's attack.
Your chain mail prevents you from hitting the orc priest.
The orc priest is heavily wounded.
You block the orc priest's attack.
The orc priest calls upon Beogh to heal the orc priest.
The orc priest is healed somewhat.
You block the orc priest's attack.
You barely miss the orc priest.
The orc priest is lightly wounded.
The orc priest invokes the aid of Beogh against you.
Pain shoots through your body!
* * * LOW HITPOINT WARNING * * *
You closely miss the orc priest.
The orc priest is lightly wounded.
You block the orc priest's attack.
The orc priest calls down the wrath of Beogh upon you.
Beogh smites you!
You die...

* , , #.....# , , ,, ,,
##.#####
#############......####
*
#.#.#.#.#.#...♣.♣.....#
#.#.#.#.#.#♣♣....♣.♣♣.
* * #l#.#.......♣♣♣♣♣
.♣♣ * #o#.#...#.♣♣ ,♣.
,#o#......♣ * ♣♣ ,
,#@#.#.#♣♣ * ♣.
#.#.#.#.# ♣♣
#.#.#.#.#.♣ * ♣ *
,#.#.#.#.#.#♣ , * ♣..
,#.#.#.# #.#.♣ ♣♣.
#.#.#.# #.♣♣* ♣.
#.#.#.#, , #.., ,...
##.# , #.# #.# .# * ,
#. ,* #.#


You could see 2 orc priests and a frilled lizard.

Vanquished Creatures
  4 adders
  2 worms (D:2)
  2 leopard geckos (D:1)
  2 orcs (D:3)
  5 giant cockroaches
  3 hobgoblins
  4 jackals (D:1)
  5 bats
  2 frilled lizards
  5 goblins
  5 kobolds
  7 rats
46 creatures vanquished.

Notes
Turn   | Place    | Note
-------+----------+-------------------------------------------
     0 | D:1      | Briareos the Deep Dwarf Fighter began the quest for the
                  | Orb.
     0 | D:1      | Reached XP level 1. HP: 20/20 MP: 1/1
   154 | D:1      | Reached XP level 2. HP: 27/27 MP: 2/2
   536 | D:1      | Found a shattered altar of Ashenzari.
   753 | D:2      | Reached XP level 3. HP: 30/33 MP: 3/3
  1172 | D:2      | Found an iron altar of Okawaru.
  1198 | D:2      | Became a worshipper of Warmaster Okawaru
  1206 | D:2      | Found a hazy altar of Hepliaklqana.
  1243 | D:2      | Found a sparkling altar of Nemelex Xobeh.
  1275 | D:2      | Reached XP level 4. HP: 32/42 MP: 4/4
  1369 | D:2      | Reached skill level 4 in Shields
  1858 | D:3      | Killed from afar by an orc priest

Levels and vault maps discovered:
D:1:      wander_arrival_fairy_ring, layout_basic, hangedman_decor_points,
          evilmike_ruin_ashenzari
D:2:      layout_basic, overflow_temple_1_default,
          nicolae_overflow_crystal_walls, okawaru_trees_1
D:3:      layout_basic, lemuel_coloured_pillars_altar,
          chequers_ecumenical_altar_grove

Skill      XL: |  1  2  3  4 |
---------------+-------------+-----
Fighting       | 3 |  3.1
Axes           | 3 |  3.3
Shields        | 4 |  4.0
Armour         | |  3.8
Dodging        | |  0.7

Action                   |  1- 3 |  4- 6 || total
-------------------------+-------+-------++-------
Melee: War axe           |   148 |    38 ||   186
 Abil: Heal Wounds       |     1 |     1 ||     2
  Use: Scroll            |     5 |     2 ||     7
       Potion            |     2 |       ||     2
  Eat: Chunk             |     2 |     1 ||     3
Armor: Scale mail        |    75 |     6 ||    81
       Chain mail        |       |     2 ||     2
Dodge: Dodged            |    55 |     8 ||    63
Block: Shield            |    92 |    16 ||   108

Table legend:
 A = Non-vault XP
 B = Vault XP
 C = Vault XP percentage of total XP
 D = Non-vault monster count
 E = Vault monster count
 F = Vault count percentage of total count
                 A         B        C        D         E       F
            +---------+---------+-------+---------+---------+-------
      Total |     130 |       0 |   0.0 |      46 |       0 |   0.0
            +---------+---------+-------+---------+---------+-------
        D:1 |      32 |       0 |   0.0 |      20 |       0 |   0.0
        D:2 |      72 |       0 |   0.0 |      19 |       0 |   0.0
        D:3 |      26 |       0 |   0.0 |       7 |       0 |   0.0
            +---------+---------+-------+---------+---------+-------
